 Dungeon Crawl Stone Soup version 0.16.1-18-g436b03c (webtiles) character file.

3462 SMOrc the Grappler (level 9, -8/93 HPs)
             Began as a Troll Hunter on May 2, 2015.
             Was a Priest of Okawaru.
             Shot with a sling bullet by Joseph (17 damage)
             ... on level 8 of the Dungeon on May 3, 2015.
             The game lasted 00:16:28 (6652 turns).

SMOrc the Grappler (Troll Hunter)                   Turns: 6652, Time: 00:16:29

Health: -8/93      AC:  9    Str: 22    XL:     9   Next: 78%
Magic:  4/4        EV: 12    Int:  7    God:    Okawaru [***...]
Gold:   188        SH:  0    Dex: 17    Spells: 0 memorised, 8 levels left

rFire  + . .     SeeInvis .       - Unarmed
rCold  + . .     Clarity  .     j - +2 robe {MR+}
rNeg   . . .     SustAb   .     (shield restricted)
rPois  .         Gourm    +     (helmet restricted)
rElec  .         Spirit   .     F - +1 cloak
rCorr  .         Warding  .     (gloves unavailable)
rMut   .         Stasis   .     (boots unavailable)
MR     +....                    (no amulet)
Stlth  ++........               (no ring)
                                B - +4 ring of dexterity

@: somewhat resistant to hostile enchantments, unstealthy
A: unfitting armour, claws 3, repulsion field 1, cold resistance 1, fire
resistance 1, fast metabolism 3, gourmand, regeneration 2, shaggy fur 1, tough
skin 2
a: Heroism, Renounce Religion


You were on level 8 of the Dungeon.
You worshipped Okawaru.
Okawaru was most pleased with you.
You were not hungry.

You visited 2 branches of the dungeon, and saw 9 of its levels.

You collected 188 gold pieces.

Inventory:

Hand weapons
 k - a +0 whip
   (You found it on level 1 of the Dungeon)
Missiles
 c - 3 throwing nets {=f, !d}
 y - 3 large rocks (quivered) {!d}
Armour
 d - a +0 animal skin
 j - a +2 robe of magic resistance (worn)
   (You took it off Dowan on level 6 of the Dungeon)
 v - the +3 cloak of a bazaar {rF- Regen+ rCorr Str+4 Int+2}
   (You found it on level 8 of the Dungeon)

   It affects your strength (+4).
   It affects your intelligence (+2).
   It makes you vulnerable to fire.
   It increases your rate of regeneration.
   It protects you from acid and corrosion.
 F - a +1 cloak (worn)
   (You took it off Crazy Yiuf on level 3 of the Dungeon)
Jewellery
 i - an uncursed ring of fire {rF+, rC-}
   (You found it on level 1 of the Dungeon)
 B - a +4 ring of dexterity (left claw)
   (You found it on level 3 of the Dungeon)
Magical devices
 b - a wand of slowing (33)
   (You took it off Robin on level 2 of the Dungeon)
Scrolls
 e - 6 scrolls of remove curse
 m - 2 scrolls of teleportation {unknown}
 n - a scroll of immolation {unknown}
 s - a scroll of magic mapping {!r}
 t - a scroll of enchant weapon
 u - a scroll of recharging
 z - 2 scrolls of blinking {!r}
Potions
 g - a potion of degeneration {unknown}
 l - a potion of cure mutation {unknown}
 o - a potion of flight
 q - 2 potions of curing
 r - 2 potions of haste
 w - a potion of restore abilities
 A - a potion of invisibility {unknown}
Comestibles
 a - 7 fruits
 f - 4 meat rations {@e2}
 p - 7 beef jerkies
 x - 6 bread rations {@e1}


   Skills:
 + Level 7.6 Fighting
 - Level 3.6 Throwing
 - Level 1.5 Dodging
 - Level 0.4 Stealth
 + Level 10.7 Unarmed Combat


You had 8 spell levels left.
You didn't know any spells.

Dungeon Overview and Level Annotations

Branches:
Dungeon (8/15)             Temple (1/1) D:5
   Lair: D:8-11

Altars:
Cheibriados
Dithmenos
Elyvilon
Fedhas
Gozag
Kikubaaqudgha
Makhleb
Nemelex Xobeh
Okawaru
Qazlal
Ru
Sif Muna
Trog
Vehumet
Xom
Yredelemnul
Zin
The Shining One

Annotations:
D:8 Joseph


Innate Abilities, Weirdness & Mutations

You are too large for most types of armour.
You have claws for hands.
Your metabolism is lightning-fast.
You like to eat raw meat.
You heal very quickly.
You are covered in fur (AC +1).
You have very tough skin (AC +2).
You are surrounded by a mild repulsion field (EV +2).
Your flesh is cold resistant.
Your flesh is heat resistant.


Message History

Items here: )) [[ † a long sword; a chain mail; a dagger; a robe; an orc corpse You take 1 damage, and have 45/93 hp.
Unknown command.
You barely miss something.
You hear some strange, mumbled words.
The magic dart hits you!
You take 2 damage, and have 43/93 hp.
You barely miss something. Something hits you but does no damage.
You scratch something but do no damage. You claw something!
Okawaru accepts your kill.
Reactivating autopickup.
You feel a bit more experienced.
You claw the kobold!
You kill the kobold!
Okawaru accepts your kill.
You feel sick.
You take 1 damage, and have 43/93 hp.
The orc misses you.
Items here: ( ))))) [[ † You claw the orc!
You kill the orc!
Okawaru accepts your kill.
You claw the giant cockroach!
You kill the giant cockroach!
You mangle the giant gecko!!
You kill the giant gecko!
Okawaru accepts your kill.
You feel sick.
You are no longer poisoned.
Items here: ( )) [ †† a dagger; a ring mail; an uncursed blowgun; 16 poisoned needles a giant gecko corpse; a kobold corpse You scratch the goliath beetle but do no damage.
You claw the goliath beetle, but do no damage.
You feel like a meek peon again.
You claw the goliath beetle! The goliath beetle bites you!!
* * * LOW HITPOINT WARNING * * *
You take 26 damage, and have 19/93 hp.
MASSIVE DAMAGE!!
Items here: ( ))))) [[ †
Things that are here:
a club; a big kobold corpse; an orc corpse
Items here: ( ) †††† a club; 2 stones; a big kobold corpse; a big kobold corpse; a hobgoblin corpse a big kobold corpse A big kobold comes into view.
It is wielding a dagger.
You see here a poisoned needle.
Aim: a goliath beetle (moderately wounded)
You throw a large rock {!d}.
The large rock {!d} hits the goliath beetle!!
The big kobold throws a stone.
The stone hits you but does no damage.
Aim: a goliath beetle (almost dead)
You throw a large rock {!d}.
The large rock {!d} hits the goliath beetle but does no damage.
A kobold and a big kobold come into view.
The kobold shouts!
You barely miss the big kobold.
The big kobold hits you but does no damage.
Joseph unwields an uncursed quarterstaff of protection.
Joseph wields a glowing hunting sling.
It is covered in frost.
Joseph shoots a sling bullet.
The sling bullet hits you!
* * * LOW HITPOINT WARNING * * *
The sling bullet freezes you.
* * * LOW HITPOINT WARNING * * *
A kobold comes into view. It is wielding a whip.
You take 12 damage, and have 11/93 hp.
You claw the big kobold!
The big kobold begins to bleed from its wounds!
The big kobold closely misses you.
Unknown command.
You closely miss the big kobold. The big kobold hits you with a dagger.
* * * LOW HITPOINT WARNING * * *
You take 2 damage, and have 9/93 hp.
Unknown command.
You claw the big kobold!
The goliath beetle waves its antennae.
Unknown command.
Drink which item? (? for menu, Esc to quit)
You feel much better. The big kobold hits you with a dagger.
You regained 22 hp, and now have 31/93 hp.
Unknown command.
Unknown command.
A big kobold comes into view. It is wielding a whip.
Unknown command.
You claw the big kobold!
You kill the big kobold!
Okawaru accepts your kill.
Joseph shoots a sling bullet.
The sling bullet barely misses you. The goliath beetle bites you!!
* * * LOW HITPOINT WARNING * * *
Joseph smiles happily.
Joseph drinks a potion.
Joseph seems to grow stronger.
You see here a dagger.
You take 24 damage, and have 9/93 hp.
MASSIVE DAMAGE!!
Unknown command.
Joseph shoots a sling bullet.
The sling bullet hits you!
You die...

#...# #.#.#.. # #
..#.#...#
##.#.#.#####.#.#.#.#
........<..........#
##[#.#.##.####.....#
#.............#
#####.#####....#
#....[......@..# ###..
#####.#####)####.......
#...........BKKK....#
....####.#####@###K....#
#÷# ##)# .....# #.# #))#
.....# #.# #(## .....#
#.# #)# .....# #.# #.#
#####


You could see Joseph.

Vanquished Creatures
  A hippogriff (D:7)
  2 wargs (D:8)
  2 phantoms
  3 ice beasts
  An orc warrior (D:8)
  3 ogres
  The ghost of illithid the Changer, an average MfTm of Okawaru (D:3)
  3 centaurs
  Duvessa (D:6)
  A giant frog (D:6)
  6 big kobolds (D:8)
  A water moccasin zombie (D:7)
  A scorpion (D:8)
  A hippogriff zombie (D:7)
  6 wights (D:7)
  5 killer bees (D:7)
  Dowan (D:6)
  A crimson imp (D:7)
  A goliath beetle (D:6)
  2 hounds
  3 orc priests
  A giant frog zombie (D:6)
  6 orc wizards
  Crazy Yiuf (D:3)
  2 giant frog skeletons
  7 worker ants
  A killer bee zombie (D:7)
  Terence (D:3)
  Robin (D:2)
  A worker ant zombie (D:7)
  12 adders
  2 shadow imps
  A giant mite (D:6)
  2 worms
  3 adder skeletons
  10 giant geckos
  An ooze (D:3)
  17 orcs
  7 giant cockroaches
  11 hobgoblins
  9 jackals
  2 quokkas
  3 ball pythons
  11 bats
  2 giant cockroach zombies (D:5)
  6 giant newts
  22 goblins
  19 kobolds
  11 rats
218 creatures vanquished.

Notes
Turn   | Place    | Note
--------------------------------------------------------------
     0 | D:1      | SMOrc, the Troll Hunter, began the quest for the Orb.
     0 | D:1      | Reached XP level 1. HP: 19/19 MP: 1/1
    21 | D:1      | Reached skill level 1 in Unarmed Combat
    59 | D:1      | Reached XP level 2. HP: 27/27 MP: 1/1
   400 | D:1      | Reached skill level 2 in Unarmed Combat
   980 | D:2      | Reached XP level 3. HP: 33/33 MP: 2/2
  1023 | D:2      | Reached skill level 3 in Unarmed Combat
  1536 | D:2      | Reached XP level 4. HP: 37/41 MP: 2/2
  1564 | D:2      | Noticed Robin
  1615 | D:2      | Killed Robin
  1615 | D:2      | Reached skill level 4 in Unarmed Combat
  1836 | D:3      | Noticed illithid's ghost (average MfTm)
  1841 | D:3      | Killed illithid's ghost
  1841 | D:3      | Reached skill level 5 in Unarmed Combat
  1841 | D:3      | Reached XP level 5. HP: 39/48 MP: 2/2
  2118 | D:3      | Noticed Terence
  2130 | D:3      | Killed Terence
  2462 | D:3      | Noticed Crazy Yiuf
  2472 | D:3      | Killed Crazy Yiuf
  2718 | D:4      | Noticed a phantom
  2722 | D:4      | Got a pitted quarterstaff
  2750 | D:4      | HP: 9/48 [phantom (8)]
  2763 | D:4      | HP: 12/48 [phantom (4)]
  2775 | D:4      | Gained mutation: You are surrounded by a mild repulsion field (EV +2). [potion of mutation]
  2775 | D:4      | Gained mutation: Your flesh is cold resistant. [potion of mutation]
  2775 | D:4      | Gained mutation: Your flesh is heat resistant. [potion of mutation]
  2779 | D:4      | Noticed an ogre
  2783 | D:5      | Entered Level 5 of the Dungeon
  3083 | D:5      | Found a staircase to the Ecumenical Temple.
  3093 | D:5      | Reached skill level 6 in Unarmed Combat
  3093 | D:5      | Reached XP level 6. HP: 38/55 MP: 3/3
  3095 | Temple   | Entered the Ecumenical Temple
  3152 | Temple   | Became a worshipper of Warmaster Okawaru
  3370 | D:5      | Noticed an ice beast
  3377 | D:5      | Killed an ice beast
  3377 | D:5      | Reached skill level 2 in Fighting
  3596 | D:4      | Noticed a centaur
  3603 | D:4      | Killed a centaur
  3603 | D:4      | Reached XP level 7. HP: 40/66 MP: 3/3
  3694 | D:4      | Killed an ogre
  3694 | D:4      | Acquired Okawaru's first power
  3694 | D:4      | Reached skill level 3 in Fighting
  3694 | D:4      | Reached skill level 7 in Unarmed Combat
  3780 | D:4      | HP: 14/67 [orc wizard/puff of frost (6)]
  3785 | D:4      | HP: 12/67 [poisoned by an orc wizard]
  3790 | D:4      | HP: 9/67 [poisoned by an orc wizard]
  3795 | D:4      | HP: 6/67 [poisoned by an orc wizard]
  3844 | D:4      | Found an iron altar of Okawaru.
  4061 | D:4      | Killed a phantom
  4129 | D:4      | Reached skill level 4 in Fighting
  4241 | D:5      | Reached skill level 8 in Unarmed Combat
  4241 | D:5      | Reached XP level 8. HP: 78/78 MP: 3/3
  4554 | D:6      | Noticed Duvessa
  4554 | D:6      | Noticed Dowan
  4562 | D:6      | Killed Duvessa
  4565 | D:6      | Killed Dowan
  4680 | D:6      | Reached skill level 5 in Fighting
  5102 | D:7      | Reached skill level 9 in Unarmed Combat
  5136 | D:7      | Reached skill level 6 in Fighting
  5136 | D:7      | Reached XP level 9. HP: 31/89 MP: 4/4
  5990 | D:7      | Reached skill level 10 in Unarmed Combat
  6486 | D:8      | Got a distressingly furry cloak
  6497 | D:8      | Identified the +3 cloak of a bazaar {rF- Regen+ rCorr Str+4 Int+2} (You found it on level 8 of the Dungeon)
  6589 | D:8      | Noticed Joseph
  6593 | D:8      | Reached skill level 7 in Fighting
  6635 | D:8      | HP: 19/93 [goliath beetle (27)]
  6643 | D:8      | HP: 12/93 [Joseph/sling bullet (12)]
  6651 | D:8      | HP: 9/93 [goliath beetle (25)]
  6652 | D:8      | Shot with a sling bullet by Joseph

Action                   |  1- 3 |  4- 6 |  7- 9 || total
-------------------------+-------+-------+-------++-------
Melee: Unarmed           |   124 |   179 |   352 ||   655
       Short sword       |     7 |       |       ||     7
Throw: Large rock        |     4 |    11 |     6 ||    21
Invok: Heroism           |       |       |     4 ||     4
  Use: Scroll            |     2 |     8 |     4 ||    14
       Potion            |       |     2 |     9 ||    11
 Stab: Sleeping          |     3 |     2 |     2 ||     7
  Eat: Chunk             |    13 |    25 |    24 ||    62

Vault maps used:
D:1:      dpeg_arrival_refuge, minmay_shallow_snake_nest
D:2:      minmay_kobold_bridge, first_bread, uniq_robin
D:3:      grunt_ministairs_14, st_stairs_14, uniq_terence,
          uniq_crazy_yiuf_cottage
D:4:      okawaru_ov_weapons_minmay
D:5:      minmay_temple_entry_statues_pillars, corexii_item_surrounded_by_moat,
          minivault_14, guppyfry_early_lair_pool
D:6:      lemuel_old_faithful, uniq_duvessa
D:8:      evilmike_ruin_ashenzari, erik_lair_orcish_takeover, special_room,
          uniq_joseph
Temple:   kilobyte_greek_temple_18

Table legend:
 A = Turns spent in this place as a percentage of turns spent in the entire game.
 B = Non-inter-level travel turns spent in this place as a percentage of non-inter-level travel turns spent in the entire game.
 C = Inter-level travel turns spent in this place as a percentage of turns spent in this place.
 D = Turns resting spent in this place as a percentage of non-inter-level travel turns spent in this place.
 E = Turns spent auto-exploring this place as a percentage of non-inter-level travel turns spent in this place.
 F = Non-inter-level travel turns spent in this place divided by the number of levels of this place that you've seen.
                   A       B       C       D       E      F
               +-------+-------+-------+-------+-------+----------------------
         Total | 100.0 | 100.0 |   0.4 |   1.9 |   7.3 | 286.1
       Dungeon |  99.2 |  99.3 |   0.4 |   1.9 |   7.3 | 319.5
        Temple |   0.8 |   0.7 |   5.0 |   0.0 |  10.5 |  19.0
               +-------+-------+-------+-------+-------+----------------------

Table legend:
 A = Kills in this place as a percentage of kills in entire the game.
 B = Kills by you in this place as a percentage of kills by you in the entire game.
 C = Kills by friends in this place as a percentage of kills by friends in the entire game.
 D = Other kills in this place as a percentage of other kills in the entire game.
 E = Experience gained in this place as a percentage of experience gained in the entire game.
 F = Experience gained in this place divided by the number of levels of this place that you have seen.
                   A       B       C       D       E      F
               +-------+-------+-------+-------+-------+----------------------
         Total | 100.0 | 100.0 |  -nan |  -nan | 100.0 | 549.6
       Dungeon | 100.0 | 100.0 |  -nan |  -nan | 100.0 | 618.2
               +-------+-------+-------+-------+-------+----------------------
